 Dungeon Crawl Stone Soup version 0.19.5 (webtiles) character file.

2396 grindst0ne the Fighter (level 9, -7/85 HPs)
             Began as a Minotaur Abyssal Knight on May 2, 2017.
             Was a Priest of Lugonu.
             Mangled by a hill giant
             ... wielding a +0 giant spiked club
              (11 damage)
             ... on level 7 of the Dungeon.
             The game lasted 00:21:30 (7181 turns).

grindst0ne the Fighter (Minotaur Abyssal Knight)    Turns: 7181, Time: 00:21:32

Health: -7/85      AC:  9    Str: 18    XL:     9   Next: 22%
Magic:  13/14      EV:  2    Int:  9    God:    Lugonu [***...]
Gold:   387        SH:  0    Dex: 12    Spells: 0 memorised, 8 levels left

rFire  . . .     SeeInvis .     u - +3 dire flail
rCold  . . .     Gourm    .     F - +0 steam dragon scales
rNeg   + + +     Faith    .     (shield currently unavailable)
rPois  ∞         Spirit   .     (helmet restricted)
rElec  .         Reflect  .     (no cloak)
rCorr  .         Harm     .     p - +0 pair of gloves {archery}
MR     .....                    j - +2 pair of boots
Stlth  +.........               (no amulet)
                                (no ring)
                                (no ring)

@: petrified
A: retaliatory headbutt, horns 2
a: Depart the Abyss, Bend Space, Banish, Renounce Religion


You were on level 7 of the Dungeon.
You worshipped Lugonu.
Lugonu was most pleased with you.
You were very hungry.

You visited 1 branch of the dungeon, and saw 7 of its levels.
You visited the Abyss 1 time.

You collected 387 gold pieces.

Inventory:

Hand Weapons
 a - a +2 hand axe
 k - a +3 hand axe
 t - a +2 dagger of speed
 u - a +3 dire flail (weapon)
Armour
 b - a +0 leather armour
 d - a +0 chain mail of fire resistance
 f - a -2 chain mail
 j - a +2 pair of boots (worn)
 p - a +0 pair of gloves of archery (worn)
 y - a -1 chain mail
 F - +0 steam dragon scales (worn)
Jewellery
 D - a cursed ring of stealth {unknown}
 I - an uncursed amulet of magic regeneration {unknown}
Wands
 x - a wand of disintegration (11/24)
Scrolls
 e - 6 scrolls of recharging
 g - 4 scrolls of remove curse
 o - a scroll of amnesia
 s - 3 scrolls of immolation
 v - 2 scrolls of enchant weapon
 w - 3 scrolls of enchant armour {unknown}
 C - 2 scrolls of identify
 G - 3 scrolls of blinking {unknown}
Potions
 h - a potion of invisibility
 m - 2 potions of cancellation
 q - 3 potions of agility {unknown}
 r - 4 potions of haste
 z - a potion of magic {unknown}
 A - a potion of might {unknown}
 H - 2 potions of curing {unknown}
Books
 E - a book of Changes

   Spells                             Type                      Level
   a - Beastly Appendage              Transmutation                1
   b - Sticks to Snakes               Transmutation                2
   c - Spider Form                    Transmutation/Poison         3
   d - Ice Form                       Ice/Transmutation            4
   e - Blade Hands                    Transmutation                5
Comestibles
 c - 7 bread rations
 i - 4 meat rations
 l - a beef jerky
 n - 9 fruits
 B - a royal jelly


   Skills:
 * Level 10.0 Fighting
 + Level 7.1 Axes
 - Level 2.4 Armour
 - Level 1.1 Dodging
 * Level 8.0 Invocations


You had 8 spell levels left.
You didn't know any spells.

Dungeon Overview and Level Annotations

Branches:
Dungeon (7/15)             Temple (0/1) D:4

Altars:
Hepliaklqana
Kikubaaqudgha
Makhleb
Nemelex Xobeh
Okawaru
Qazlal
Sif Muna
Xom

Shops:
D:4 %

Annotations:
D:3 1 runed door


Innate Abilities, Weirdness & Mutations

You reflexively headbutt those who attack you in melee.
You have a pair of horns on your head.


Message History

The hill giant hits you with a giant spiked club!!
* * * LOW HITPOINT WARNING * * *
You hear two shouts!
The basilisk gazes at you.
You are slowing down.
Your limbs are stiffening.
Space bends sharply around you!
The basilisk blinks!
You blink.
* * * LOW HITPOINT WARNING * * *
A two-headed ogre and a howler monkey come into view.
The orc wizard shouts!
The howler monkey howls!
The orc wizard mumbles some strange words.
The orc wizard blinks!
You have turned to stone.
The basilisk hisses menacingly.
The basilisk gazes at you.
The two-headed ogre hits you with a giant spiked club!
* * * LOW HITPOINT WARNING * * *
The two-headed ogre hits you with a giant club!
* * * LOW HITPOINT WARNING * * *
The hill giant hits you with a giant spiked club!!
You die...

............#≈≈≈__#......>.......
####........#m≈≈_.#.....#.#[)..##
#........#Wl≈..#..............
#........#######.....#.##.....
#...........................#.
##########.........).#.#....#.
#...l.......#........
#...........###.#.#..
#...@C......# #.#....
#...O.......###.##.#.
#...h...........##...
#####.#########.###.. #...# #.#
#.. #...# #. #.. #...#
#########.. .o###. #..........
#.. .. #.########.


You could see a hill giant, a basilisk, a two-headed ogre and a howler monkey.

Vanquished Creatures
  The ghost of theElss the Thaumaturge, a novice DECj of Vehumet (D:7)
  A spriggan (D:7)
  Eustachio (D:4)
  A steam dragon (D:7)
  2 ogres
  A big kobold (D:7)
  A bullfrog (D:6)
  Blork the orc (D:6)
  2 scorpions (D:6)
  9 wights
  2 crimson imps (D:7)
  2 hounds
  2 orc priests
  2 bullfrog skeletons
  A centaur skeleton (D:5)
  Ijyb (D:3)
  An iguana (D:6)
  Natasha (thrice) (D:2)
  2 orc wizards (D:3)
  3 worker ants
  8 adders
  2 shadow imps
  An adder zombie (D:5)
  A worm (D:3)
  6 dart slugs
  9 leopard geckos
  13 orcs
  6 giant cockroaches
  4 hobgoblins
  3 jackals (D:6)
  14 kobolds
  A quokka (D:5)
  6 bats
  4 frilled lizards
  4 goblins
  A jackal skeleton (D:6)
  A quokka skeleton (D:5)
  6 rats
129 creatures vanquished.

Notes
Turn   | Place    | Note
-------+----------+-------------------------------------------
     0 | Abyss:1  | grindst0ne the Minotaur Abyssal Knight began the quest for the Orb.
     0 | Abyss:1  | Reached XP level 1. HP: 19/19 MP: 1/1
    49 | Abyss:1  | Noticed a ynoxinul
    53 | Abyss:1  | Noticed a small abomination
    53 | D:1      | Escaped the Abyss
   399 | D:1      | Reached * piety under Lugonu
   559 | D:1      | Reached XP level 2. HP: 27/27 MP: 2/2
  1139 | D:2      | Found a burning altar of Makhleb.
  1145 | D:2      | Reached XP level 3. HP: 29/33 MP: 2/4
  1147 | D:2      | Reached skill level 4 in Fighting
  1265 | D:2      | Noticed Natasha
  1269 | D:2      | Killed Natasha
  1269 | D:2      | Reached XP level 4. HP: 41/41 MP: 5/5
  1535 | D:2      | Found a hazy altar of Hepliaklqana.
  1557 | D:2      | Noticed Natasha
  1565 | D:2      | Killed Natasha
  1604 | D:2      | Found a faded altar of an unknown god.
  1803 | D:2      | Noticed Natasha
  1810 | D:2      | Killed Natasha
  1810 | D:2      | Reached XP level 5. HP: 42/47 MP: 6/6
  1877 | D:2      | Reached ** piety under Lugonu
  2298 | D:3      | Reached skill level 5 in Fighting
  2743 | D:3      | Found a deep blue altar of Sif Muna.
  2793 | D:3      | Noticed Ijyb
  2803 | D:3      | Killed Ijyb
  2803 | D:3      | Reached XP level 6. HP: 51/56 MP: 8/8
  2934 | D:3      | Found an ancient bone altar of Kikubaaqudgha.
  2934 | D:3      | Found a faded altar of an unknown god.
  2939 | D:3      | Found a faded altar of an unknown god.
  2941 | D:3      | Found a faded altar of an unknown god.
  2943 | D:3      | Found a faded altar of an unknown god.
  3020 | D:3      | Found a runed door.
  3263 | D:3      | Found a stormy altar of Qazlal.
  3264 | D:3      | Found a sparkling altar of Nemelex Xobeh.
  3327 | D:4      | Reached skill level 6 in Fighting
  3597 | D:4      | Found Ovysu's Food Shop.
  3623 | D:4      | Found a staircase to the Ecumenical Temple.
  3722 | D:4      | Noticed Eustachio
  3739 | D:4      | Killed Eustachio
  3739 | D:4      | Reached skill level 5 in Invocations
  3739 | D:4      | Reached XP level 7. HP: 53/64 MP: 9/9
  4038 | D:5      | Entered Level 5 of the Dungeon
  4158 | D:5      | Reached skill level 7 in Fighting
  4158 | D:5      | Reached skill level 5 in Axes
  4467 | D:5      | Reached *** piety under Lugonu
  5217 | D:6      | Reached XP level 8. HP: 46/74 MP: 11/11
  5499 | D:6      | Found an iron altar of Okawaru.
  5659 | D:6      | Reached skill level 8 in Fighting
  5804 | D:6      | Noticed Blork the orc
  5815 | D:6      | Killed Blork the orc
  6309 | D:7      | Found a shimmering altar of Xom.
  6309 | D:7      | Found a shimmering altar of Xom.
  6310 | D:7      | Found a shimmering altar of Xom.
  6310 | D:7      | Found a shimmering altar of Xom.
  6344 | D:7      | Reached skill level 9 in Fighting
  6633 | D:7      | Found a shimmering altar of Xom.
  6633 | D:7      | Found a shimmering altar of Xom.
  6634 | D:7      | Found a shimmering altar of Xom.
  6634 | D:7      | Found a shimmering altar of Xom.
  6634 | D:7      | Found a shimmering altar of Xom.
  6634 | D:7      | Found a shimmering altar of Xom.
  6634 | D:7      | Noticed a meliai
  6693 | D:7      | Noticed theElss's ghost (novice DECj)
  6711 | D:7      | Killed theElss's ghost
  6711 | D:7      | Reached XP level 9. HP: 32/85 MP: 13/13
  7038 | D:7      | Reached skill level 10 in Fighting
  7152 | D:7      | Noticed a komodo dragon
  7153 | D:7      | Noticed a water nymph
  7167 | D:7      | Noticed a hill giant
  7181 | D:7      | HP: 4/85 [two-headed ogre/giant spiked club (7)]
  7181 | D:7      | Mangled by a hill giant

Skill      XL: |  1  2  3  4  5  6  7  8  9 |
---------------+----------------------------+-----
Invocations    | 2 3 4 5 6 7 8 |  8.0
Axes           | 3 4 5 7 |  7.1
Fighting       | 4 5 6 7 9 10 | 10.0
Armour         | |  2.4
Dodging        | |  1.1

Action                   |  1- 3 |  4- 6 |  7- 9 || total
-------------------------+-------+-------+-------++-------
Melee: Hand axe          |    52 |   162 |   225 ||   439
       Headbutt          |     6 |    18 |    49 ||    73
       Dire flail        |       |       |    28 ||    28
Invok: Depart the Abyss  |     1 |       |       ||     1
       Bend Space        |       |       |     1 ||     1
  Use: Scroll            |       |     7 |     5 ||    12
       Potion            |       |       |     1 ||     1
  Eat: Chunk             |     1 |     8 |     4 ||    13
       Bread ration      |       |       |     1 ||     1
       Fruit             |       |       |     2 ||     2
Armor: Chain mail        |    46 |   101 |   112 ||   259
       Steam dragon scal |       |       |    27 ||    27
Dodge: Dodged            |    37 |    78 |    97 ||   212
